Panthers vs Capitals
Created - December 2, 2024 at 19:26
Goals
|
| Panthers |
1 |
2 |
0 |
3 |
| Capitals |
1 |
0 |
1 |
2 |
|
Shots
|
| Panthers |
11 |
14 |
8 |
33 |
| Capitals |
11 |
6 |
12 |
29 |
|
1st period
1. Panthers , Matt Duchene 12 (Niklas Hansson 8) at 9:50
2. Capitals , Taylor Hall 9 (Nicklas Backstrom 17) at 15:13 (PP)
Penalties :
Phil Kessel (Was) for Hooking (Minor) at 4:01, Aleksander Barkov (Flo) for Slashing (Minor) at 7:33, Pavel Buchnevich (Flo) for Cross-checking (Minor) at 15:12, Patrick Kane (Was) for Roughing (Minor) at 17:10
2nd period
3. Panthers , Danny DeKeiser 1 (Aleksander Barkov 6, Kris Versteeg 2) at 1:19
4. Panthers , Zac Rinaldo 2 (Alex Pietrangelo 10) at 4:22
Penalties :
Ladislav Smid (Flo) for Holding (Minor) at 16:29
3rd period
5. Capitals , Bobby Ryan 3 (Joe Colborne 6, Marko Dano 6) at 14:33
Penalties :
Kris Versteeg (Flo) for Tripping (Minor) at 16:47
Goalie Stats
Ville Husso (Flo), 27 saves from 29 shots - (0.931), W, 8-6-1, 60:00 minutes
Chet Pickard (Was), 30 saves from 33 shots - (0.909), L, 1-3-0, 59:23 minutes
Players Stats for Panthers
Player Name G A P +/- PIM S H SB GA TA FO MP PP MP PK MP
------------------------------------------------------------------------------------
Aleksander Barkov 0 1 1 2 2 1 2 0 0 0 9/18 18:43 1:34 2:12
Alex Pietrangelo 0 1 1 0 0 5 0 1 0 1 0/0 27:12 2:48 1:05
Danny DeKeiser 1 0 1 1 0 1 2 1 0 0 0/0 20:42 2:48 2:09
Derick Brassard 0 0 0 1 0 1 3 0 1 0 0/1 16:58 1:34 1:49
Dmitrij Jaskin 0 0 0 0 0 1 1 0 0 0 0/0 8:12 0:00 0:00
Dominik Kahun 0 0 0 0 0 1 0 1 0 0 0/2 10:03 0:00 1:43
Drake Batherson 0 0 0 1 0 4 0 1 1 0 0/1 10:44 1:34 0:00
Griffin Reinhart 0 0 0 1 0 0 0 1 0 0 0/0 13:03 1:10 0:00
Kris Versteeg 0 1 1 2 2 3 1 0 0 0 0/0 17:25 0:00 2:22
Ladislav Smid 0 0 0 1 2 0 0 0 0 0 0/0 17:29 0:00 2:37
Matt Duchene 1 0 1 0 0 6 1 1 0 0 13/34 20:33 2:24 0:14
Matt Puempel 0 0 0 0 0 0 1 0 0 1 0/0 8:45 0:00 0:25
Miro Aaltonen 0 0 0 1 0 1 3 0 0 0 1/6 11:39 0:00 2:30
Nikita Kucherov 0 0 0 -1 0 5 1 1 1 0 0/0 20:01 2:24 0:00
Niklas Hansson 0 1 1 0 0 1 0 2 0 0 0/0 27:53 1:10 3:49
Pavel Buchnevich 0 0 0 -1 2 2 1 1 0 0 0/1 20:00 2:24 0:00
Radim Simek 0 0 0 1 0 0 1 1 0 0 0/0 13:41 0:00 2:16
Zac Rinaldo 1 0 1 1 0 1 1 0 0 0 0/0 10:55 0:00 0:41
Players Stats for Capitals
Player Name G A P +/- PIM S H SB GA TA FO MP PP MP PK MP
------------------------------------------------------------------------------------
Alexei Marchenko 0 0 0 -1 0 2 1 4 0 1 0/0 26:05 3:19 2:23
Blake Pietila 0 0 0 0 0 2 0 1 1 0 1/1 12:41 0:00 0:40
Bobby Ryan 1 0 1 0 0 2 2 0 0 0 0/0 17:46 2:29 0:00
Brandon Burlon 0 0 0 0 0 0 0 2 0 0 0/0 13:36 0:00 0:00
Brandon Gormley 0 0 0 -1 0 0 1 1 0 1 0/0 26:05 3:19 2:23
Cody Hodgson 0 0 0 0 0 0 2 0 0 0 5/9 14:49 2:29 0:59
Colten Teubert 0 0 0 0 0 0 1 0 0 0 0/0 13:36 0:00 0:00
Jeff Skinner 0 0 0 -1 0 0 0 1 0 1 0/0 7:23 0:00 0:20
Joe Colborne 0 1 1 0 0 5 1 0 0 0 6/10 15:33 0:00 0:40
Marko Dano 0 1 1 0 0 1 3 1 0 0 0/1 17:25 2:29 0:45
Mike Green 0 0 0 -1 0 2 1 0 0 0 0/0 20:19 2:39 1:35
Nicklas Backstrom 0 1 1 -1 0 2 1 0 0 0 24/35 21:16 3:29 1:05
Nicolas Aube-Kubel 0 0 0 0 0 0 1 0 0 0 0/0 10:55 0:00 0:00
Patrick Kane 0 0 0 -1 2 2 1 0 0 0 1/4 21:31 3:29 1:14
Phil Kessel 0 0 0 -1 2 3 0 0 0 0 0/0 7:07 0:00 0:00
Sergey Kalinin 0 0 0 -1 0 0 0 1 0 0 3/3 7:03 0:00 0:00
Shea Theodore 0 0 0 -1 0 1 1 0 0 0 0/0 20:19 2:39 1:35
Taylor Hall 1 0 1 -1 0 7 1 0 1 0 0/0 22:31 3:29 2:13
3 Stars
1 - Danny DeKeiser (Flo)
2 - Zac Rinaldo (Flo)
3 - Matt Duchene (Flo)
Power Play
Panthers - 0 on 2 Attempt(s) - 0.00%
Capitals - 1 on 4 Attempt(s) - 25.00%
Penalty Kill
Panthers - 3 on 4 Attempt(s) - 75.00%
- Score 0 goal in Penalty Kill
Capitals - 2 on 2 Attempt(s) - 100.00%
- Score 0 goal in Penalty Kill
Team Stat
Panthers - Hits : 18 - Faceoff Wins : 23 - Blocked Shots : 11 - Penalty Minutes : 8
Capitals - Hits : 17 - Faceoff Wins : 40 - Blocked Shots : 11 - Penalty Minutes : 4
Official
Referees : Graham Skilliter and Chris Schlenker
Linesman : Travis Toomey and Trent Knorr
Game Notes
No Game Note
Finance
Level 1 -- Attendance: 5299 (88.32%) -- Ticket Income $529,900
Level 2 -- Attendance: 4442 (88.84%) -- Ticket Income $310,940
Level 3 -- Attendance: 1805 (90.25%) -- Ticket Income $72,200
Level 4 -- Attendance: 4000 (100.00%) -- Ticket Income $120,000
Luxury Box -- Attendance: 941 (94.10%) -- Ticket Income $188,200
Game was played at the Capital One Arena.
Total Attendance: 16487 (91.59%)
Total Ticket Income: $1,221,240
Other Income: $183,186
Total Income: $1,404,426
Panthers
5 vs 5 Forward
Center Left Wing Right Wing Time % Phy DF OF
1 Matt Duchene Pavel Buchnevich Nikita Kucherov 40 0 2 3
2 Aleksander Barkov Derick Brassard Kris Versteeg 30 1 2 2
3 Miro Aaltonen Zac Rinaldo Drake Batherson 20 1 2 2
4 Dominik Kahun Matt Puempel Dmitrij Jaskin 10 1 2 2
5 vs 5 Defense
Defense Defense Time % Phy DF OF
1 Alex Pietrangelo Niklas Hansson 40 0 2 3
2 Danny DeKeiser Ladislav Smid 30 1 2 2
3 Griffin Reinhart Radim Simek 20 1 2 2
4 Alex Pietrangelo Niklas Hansson 10 0 2 3
PowerPlay Forward
Center Left Wing Right Wing Time % Phy DF OF
1 Matt Duchene Pavel Buchnevich Nikita Kucherov 60 0 1 4
2 Aleksander Barkov Derick Brassard Drake Batherson 40 0 1 4
PowerPlay Defense
Defense Defense Time % Phy DF OF
1 Alex Pietrangelo Danny DeKeiser 60 0 2 3
2 Niklas Hansson Griffin Reinhart 40 0 2 3
Penalty Kill 4 Players Forward
Center Wing Time % Phy DF OF
1 Aleksander Barkov Kris Versteeg 60 1 3 1
2 Miro Aaltonen Zac Rinaldo 40 1 3 1
Penalty Kill 4 Players Defense
Defense Defense Time % Phy DF OF
1 Ladislav Smid Niklas Hansson 60 1 3 1
2 Danny DeKeiser Radim Simek 40 1 3 1
Penalty Kill - 3 Players Forward
Forward Time % Phy DF OF
1 Kris Versteeg 60 1 3 1
2 Aleksander Barkov 40 1 3 1
Penalty Kill - 3 Players Defense
Defense Defense Time % Phy DF OF
1 Ladislav Smid Niklas Hansson 60 1 3 1
2 Danny DeKeiser Radim Simek 40 1 3 1
4 vs 4 Forward
Center Wing Time % Phy DF OF
1 Matt Duchene Nikita Kucherov 60 0 2 3
2 Aleksander Barkov Pavel Buchnevich 40 1 2 2
4 vs 4 Defense
Defense Defense Time % Phy DF OF
1 Alex Pietrangelo Niklas Hansson 60 0 2 3
2 Danny DeKeiser Griffin Reinhart 40 0 2 3
Last Minutes Offensive
Center Left Wing Right Wing Defense Defense
Matt Duchene Pavel Buchnevich Nikita Kucherov Alex Pietrangelo Griffin Reinhart
Last Minutes Defensive
Center Left Wing Right Wing Defense Defense
Aleksander Barkov Zac Rinaldo Kris Versteeg Danny DeKeiser Niklas Hansson
Goaltenders
Starting : Ville Husso
Backup : Brandon Halverson
Extra Forwards
Normal : Aleksander Barkov, Nikita Kucherov, Matt Duchene - PP : Drake Batherson, Matt Duchene - PK : Miro Aaltonen
Extra Defensemen
Normal : Radim Simek, Alex Pietrangelo, Niklas Hansson - PP : Alex Pietrangelo - PK : Radim Simek, Niklas Hansson
Penalty Shots
Drake Batherson, Nikita Kucherov, Pavel Buchnevich, Matt Duchene, Aleksander Barkov
Custom OT Lines Forwards
Matt Duchene, Nikita Kucherov, Aleksander Barkov, Drake Batherson, Pavel Buchnevich, Zac Rinaldo, Miro Aaltonen, Derick Brassard, Matt Puempel, Kris Versteeg
Custom OT Lines Defensemen
Alex Pietrangelo, Danny DeKeiser, Niklas Hansson, Griffin Reinhart, Ladislav Smid
Scratches
Jimmy Vesey (Fractured Metatarsal (Right Foot) Injury), Nikolay Goldobin (Torn Left Knee Ligaments Injury)
Capitals
5 vs 5 Forward
Center Left Wing Right Wing Time % Phy DF OF
1 Nicklas Backstrom Taylor Hall Patrick Kane 40 0 1 4
2 Joe Colborne Marko Dano Bobby Ryan 30 0 1 4
3 Cody Hodgson Blake Pietila Nicolas Aube-Kubel 20 0 1 4
4 Sergey Kalinin Jeff Skinner Phil Kessel 10 0 2 3
5 vs 5 Defense
Defense Defense Time % Phy DF OF
1 Brandon Gormley Alexei Marchenko 40 0 2 3
2 Mike Green Shea Theodore 30 0 2 3
3 Colten Teubert Brandon Burlon 20 0 3 2
4 Brandon Gormley Alexei Marchenko 10 0 3 2
PowerPlay Forward
Center Left Wing Right Wing Time % Phy DF OF
1 Nicklas Backstrom Taylor Hall Patrick Kane 60 0 0 5
2 Cody Hodgson Marko Dano Bobby Ryan 40 0 0 5
PowerPlay Defense
Defense Defense Time % Phy DF OF
1 Brandon Gormley Alexei Marchenko 60 0 2 3
2 Mike Green Shea Theodore 40 0 2 3
Penalty Kill 4 Players Forward
Center Wing Time % Phy DF OF
1 Patrick Kane Taylor Hall 60 0 4 1
2 Nicklas Backstrom Marko Dano 40 0 4 1
Penalty Kill 4 Players Defense
Defense Defense Time % Phy DF OF
1 Brandon Gormley Alexei Marchenko 60 0 4 1
2 Mike Green Shea Theodore 40 0 4 1
Penalty Kill - 3 Players Forward
Forward Time % Phy DF OF
1 Patrick Kane 60 0 5 0
2 Taylor Hall 40 0 5 0
Penalty Kill - 3 Players Defense
Defense Defense Time % Phy DF OF
1 Brandon Gormley Alexei Marchenko 60 0 5 0
2 Mike Green Shea Theodore 40 0 5 0
4 vs 4 Forward
Center Wing Time % Phy DF OF
1 Patrick Kane Taylor Hall 60 0 1 4
2 Nicklas Backstrom Marko Dano 40 0 1 4
4 vs 4 Defense
Defense Defense Time % Phy DF OF
1 Brandon Gormley Alexei Marchenko 60 0 3 2
2 Mike Green Shea Theodore 40 0 3 2
Last Minutes Offensive
Center Left Wing Right Wing Defense Defense
Nicklas Backstrom Taylor Hall Patrick Kane Brandon Gormley Alexei Marchenko
Last Minutes Defensive
Center Left Wing Right Wing Defense Defense
Nicklas Backstrom Taylor Hall Patrick Kane Brandon Gormley Alexei Marchenko
Goaltenders
Starting : Chet Pickard
Backup : Cory Schneider
Extra Forwards
Normal : Taylor Hall, Patrick Kane, Marko Dano - PP : Taylor Hall, Patrick Kane - PK : Patrick Kane
Extra Defensemen
Normal : Brandon Gormley, Shea Theodore, Alexei Marchenko - PP : Shea Theodore - PK : Alexei Marchenko, Brandon Gormley
Penalty Shots
Patrick Kane, Taylor Hall, Nicklas Backstrom, Marko Dano, Jeff Skinner
Custom OT Lines Forwards
Patrick Kane, Taylor Hall, Nicklas Backstrom, Marko Dano, Jeff Skinner, Cody Hodgson, Blake Pietila, Bobby Ryan, Joe Colborne, Nicolas Aube-Kubel
Custom OT Lines Defensemen
Brandon Gormley, Alexei Marchenko, Mike Green, Shea Theodore, Colten Teubert
Scratches
None
% Time on Ice - Panthers
Lines # - Real PCT - Wanted PCT - Time Play
Normal Forward
1 - 37% - 40% - 18:03
2 - 28% - 30% - 13:36
3 - 19% - 20% - 9:08
4 - 17% - 10% - 8:12
Normal Defense
1 - 41% - 40% - 19:52
2 - 31% - 30% - 15:07
3 - 23% - 20% - 11:25
4 - 5% - 10% - 2:35
PP Forward
1 - 61% - 60% - 2:24
2 - 39% - 40% - 1:34
PP Defense
1 - 71% - 60% - 2:48
2 - 29% - 40% - 1:10
PK Forward
1 - 89% - 60% - 5:17
2 - 11% - 40% - 0:41
PK Defense
1 - 74% - 60% - 4:24
2 - 26% - 40% - 1:34
PK3 Forward
1 - 0% - 60%
2 - 0% - 40%
PK3 Defense
1 - 0% - 60%
2 - 0% - 40%
44 Forward
1 - 0% - 60%
2 - 0% - 40%
44 Defense
1 - 0% - 60%
2 - 0% - 40%
Last Minute Offensive - 0:00
Last Minute Defensive - 1:05
Total
Forward - 60:00
Defense - 60:00
|
% Time on Ice - Capitals
Lines # - Real PCT - Wanted PCT - Time Play
Normal Forward
1 - 34% - 40% - 16:49
2 - 29% - 30% - 14:11
3 - 22% - 20% - 10:55
4 - 14% - 10% - 7:03
Normal Defense
1 - 38% - 40% - 18:34
2 - 31% - 30% - 14:59
3 - 28% - 20% - 13:36
4 - 4% - 10% - 1:49
PP Forward
1 - 58% - 60% - 3:29
2 - 42% - 40% - 2:29
PP Defense
1 - 56% - 60% - 3:19
2 - 44% - 40% - 2:39
PK Forward
1 - 81% - 60% - 3:13
2 - 19% - 40% - 0:45
PK Defense
1 - 60% - 60% - 2:23
2 - 40% - 40% - 1:35
PK3 Forward
1 - 0% - 60%
2 - 0% - 40%
PK3 Defense
1 - 0% - 60%
2 - 0% - 40%
44 Forward
1 - 0% - 60%
2 - 0% - 40%
44 Defense
1 - 0% - 60%
2 - 0% - 40%
Last Minute Offensive - 1:06
Last Minute Defensive - 0:00
Total
Forward - 60:00
Defense - 60:00
|
Play-by-Play
1st period
0:01 of 1st period - Nicklas Backstrom wins face-off versus Matt Duchene in neutral zone.
0:05 of 1st period - Off-side.
0:06 of 1st period - Nicklas Backstrom wins face-off versus Matt Duchene in neutral zone.
0:09 of 1st period - Snap shot by Brandon Gormley.
0:09 of 1st period - Shot Misses the Net.
0:11 of 1st period - Slapshot by Brandon Gormley.
0:11 of 1st period - Shot Blocked by Nikita Kucherov.
0:13 of 1st period - Snap shot by Brandon Gormley.
0:13 of 1st period - Shot Misses the Net.
0:46 of 1st period - Snap shot by Matt Duchene.
0:46 of 1st period - Stopped by Chet Pickard without a rebound.
0:47 of 1st period - Joe Colborne wins face-off versus Aleksander Barkov in Capitals zone.
1:38 of 1st period - Wrist shot by Joe Colborne.
1:38 of 1st period - Shot Blocked by Drake Batherson.
1:44 of 1st period - Zac Rinaldo is hit by Bobby Ryan and loses puck.
2:00 of 1st period - Icing by Mike Green.
2:01 of 1st period - Cody Hodgson wins face-off versus Aleksander Barkov in Capitals zone.
2:53 of 1st period - Shea Theodore is hit by Zac Rinaldo and loses puck.
3:20 of 1st period - Aleksander Barkov is hit by Shea Theodore and loses puck.
3:27 of 1st period - Snap shot by Nicklas Backstrom.
3:27 of 1st period - Stopped by Ville Husso without a rebound.
3:28 of 1st period - Blake Pietila wins face-off versus Matt Duchene in Panthers zone.
3:32 of 1st period - Icing by Alex Pietrangelo.
3:33 of 1st period - Matt Duchene wins face-off versus Cody Hodgson in Panthers zone.
3:44 of 1st period - Snap shot by Nicolas Aube-Kubel.
3:44 of 1st period - Shot Misses the Net.
3:46 of 1st period - Snap shot by Blake Pietila.
3:46 of 1st period - Stopped by Ville Husso with a rebound.
4:01 of 1st period - Minor Penalty to Phil Kessel for Hooking.
4:02 of 1st period - Matt Duchene wins face-off versus Patrick Kane in Capitals zone.
4:06 of 1st period - Slapshot by Nikita Kucherov.
4:06 of 1st period - Shot Misses the Net.
4:08 of 1st period - Slapshot by Danny DeKeiser.
4:08 of 1st period - Shot Misses the Net.
4:10 of 1st period - Snap shot by Alex Pietrangelo.
4:10 of 1st period - Deflect By Matt Duchene.
4:10 of 1st period - Shot Misses the Net.
4:10 of 1st period - Puck is out of play.
4:11 of 1st period - Matt Duchene wins face-off versus Patrick Kane in Capitals zone.
4:54 of 1st period - Wrist shot by Pavel Buchnevich.
4:54 of 1st period - Shot Misses the Net.
4:56 of 1st period - Snap shot by Pavel Buchnevich.
4:56 of 1st period - Stopped by Chet Pickard with a rebound.
4:58 of 1st period - Snap shot by Matt Duchene.
4:58 of 1st period - Stopped by Chet Pickard without a rebound.
4:59 of 1st period - Patrick Kane wins face-off versus Derick Brassard in Capitals zone.
5:41 of 1st period - Alexei Marchenko is hit by Derick Brassard.
6:01 of 1st period - Penalty to Phil Kessel is over, Phil Kessel is back on ice.
6:38 of 1st period - Icing by Bobby Ryan.
6:39 of 1st period - Aleksander Barkov wins face-off versus Joe Colborne in Capitals zone.
6:40 of 1st period - Snap shot by Derick Brassard.
6:40 of 1st period - Deflect By Dominik Kahun.
6:40 of 1st period - Stopped by Chet Pickard with a rebound.
7:02 of 1st period - Slapshot by Joe Colborne.
7:02 of 1st period - Shot Misses the Net.
7:04 of 1st period - Slapshot by Joe Colborne.
7:04 of 1st period - Stopped by Ville Husso without a rebound.
7:05 of 1st period - Nicklas Backstrom wins face-off versus Matt Duchene in Panthers zone.
7:06 of 1st period - Wrist shot by Taylor Hall.
7:06 of 1st period - Shot Misses the Net.
7:33 of 1st period - Minor Penalty to Aleksander Barkov for Slashing.
7:34 of 1st period - Miro Aaltonen wins face-off versus Nicklas Backstrom in Panthers zone.
7:42 of 1st period - Icing by Brandon Gormley.
7:43 of 1st period - Nicklas Backstrom wins face-off versus Miro Aaltonen in Capitals zone.
7:52 of 1st period - Wrist shot by Taylor Hall.
7:52 of 1st period - Stopped by Ville Husso without a rebound.
7:53 of 1st period - Nicklas Backstrom wins face-off versus Miro Aaltonen in Panthers zone.
9:00 of 1st period - Mike Green is hit by Derick Brassard and loses puck.
9:25 of 1st period - Kris Versteeg is hit by Cody Hodgson and loses puck.
9:33 of 1st period - Penalty to Aleksander Barkov is over, Aleksander Barkov is back on ice.
9:36 of 1st period - Aleksander Barkov is hit by Alexei Marchenko and loses puck.
9:45 of 1st period - Sergey Kalinin is hit by Matt Duchene and loses puck.
9:50 of 1st period - Snap shot by Matt Duchene.
9:50 of 1st period - Goal by Matt Duchene - Panthers : 1 - Capitals : 0.
9:51 of 1st period - Nicklas Backstrom wins face-off versus Matt Duchene in neutral zone.
10:04 of 1st period - Brandon Burlon is hit by Pavel Buchnevich and loses puck.
10:19 of 1st period - Wrist shot by Nikita Kucherov.
10:19 of 1st period - Stopped by Chet Pickard with a rebound.
10:21 of 1st period - Wrist shot by Zac Rinaldo.
10:21 of 1st period - Shot Misses the Net.
10:25 of 1st period - Wrist shot by Miro Aaltonen.
10:25 of 1st period - Stopped by Chet Pickard with a rebound.
10:45 of 1st period - Wrist shot by Cody Hodgson.
10:45 of 1st period - Shot Misses the Net.
11:09 of 1st period - Slapshot by Taylor Hall.
11:09 of 1st period - Stopped by Ville Husso with a rebound.
11:31 of 1st period - Wrist shot by Pavel Buchnevich.
11:31 of 1st period - Stopped by Chet Pickard with a rebound.
12:06 of 1st period - Dmitrij Jaskin is hit by Mike Green and loses puck.
12:11 of 1st period - Wrist shot by Blake Pietila.
12:11 of 1st period - Shot Misses the Net.
12:29 of 1st period - Wrist shot by Kris Versteeg.
12:29 of 1st period - Stopped by Chet Pickard with a rebound.
12:48 of 1st period - Snap shot by Joe Colborne.
12:48 of 1st period - Shot Blocked by Danny DeKeiser.
12:52 of 1st period - Snap shot by Joe Colborne.
12:52 of 1st period - Stopped by Ville Husso without a rebound.
12:53 of 1st period - Joe Colborne wins face-off versus Matt Duchene in Panthers zone.
13:26 of 1st period - Aleksander Barkov is hit by Nicklas Backstrom and loses puck.
13:45 of 1st period - Snap shot by Drake Batherson.
13:45 of 1st period - Stopped by Chet Pickard with a rebound.
13:47 of 1st period - Snap shot by Ladislav Smid.
13:47 of 1st period - Shot Blocked by Blake Pietila.
14:55 of 1st period - Snap shot by Marko Dano.
14:55 of 1st period - Shot Misses the Net.
14:57 of 1st period - Snap shot by Marko Dano.
14:57 of 1st period - Stopped by Ville Husso with a rebound.
14:59 of 1st period - Slapshot by Marko Dano.
14:59 of 1st period - Shot Misses the Net.
15:01 of 1st period - Snap shot by Brandon Gormley.
15:01 of 1st period - Shot Misses the Net.
15:03 of 1st period - Slapshot by Bobby Ryan.
15:03 of 1st period - Stopped by Ville Husso with a rebound.
15:05 of 1st period - Snap shot by Joe Colborne.
15:05 of 1st period - Shot Misses the Net.
15:07 of 1st period - Slapshot by Joe Colborne.
15:07 of 1st period - Shot Blocked by Radim Simek.
15:09 of 1st period - Slapshot by Brandon Gormley.
15:09 of 1st period - Deflect By Bobby Ryan.
15:09 of 1st period - Shot Misses the Net.
15:09 of 1st period - Puck is out of play.
15:10 of 1st period - Matt Duchene wins face-off versus Nicklas Backstrom in Panthers zone.
15:12 of 1st period - Minor Penalty to Pavel Buchnevich for Cross-checking.
15:13 of 1st period - Nicklas Backstrom wins face-off versus Aleksander Barkov in Panthers zone.
15:13 of 1st period - Wrist shot by Taylor Hall.
15:13 of 1st period - Goal by Taylor Hall - Panthers : 1 - Capitals : 1.
15:14 of 1st period - Matt Duchene wins face-off versus Nicklas Backstrom in neutral zone.
15:41 of 1st period - Alex Pietrangelo is hit by Nicolas Aube-Kubel and loses puck.
16:24 of 1st period - Slapshot by Mike Green.
16:24 of 1st period - Shot Blocked by Dominik Kahun.
16:26 of 1st period - Wrist shot by Phil Kessel.
16:26 of 1st period - Shot Misses the Net.
16:28 of 1st period - Wrist shot by Mike Green.
16:28 of 1st period - Stopped by Ville Husso without a rebound.
16:29 of 1st period - Sergey Kalinin wins face-off versus Pavel Buchnevich in Panthers zone.
16:36 of 1st period - Wrist shot by Jeff Skinner.
16:36 of 1st period - Deflect By Phil Kessel.
16:36 of 1st period - Deflect By Pavel Buchnevich.
16:36 of 1st period - Shot Misses the Net.
16:36 of 1st period - Puck is out of play.
16:37 of 1st period - Nicklas Backstrom wins face-off versus Matt Duchene in Panthers zone.
16:38 of 1st period - Snap shot by Taylor Hall.
16:38 of 1st period - Shot Blocked by Pavel Buchnevich.
16:46 of 1st period - Wrist shot by Nikita Kucherov.
16:46 of 1st period - Stopped by Chet Pickard without a rebound.
16:47 of 1st period - Matt Duchene wins face-off versus Nicklas Backstrom in Capitals zone.
17:10 of 1st period - Minor Penalty to Patrick Kane for Roughing.
17:11 of 1st period - Cody Hodgson wins face-off versus Matt Duchene in Capitals zone.
19:10 of 1st period - Penalty to Patrick Kane is over, Patrick Kane is back on ice.
19:19 of 1st period - Snap shot by Phil Kessel.
19:19 of 1st period - Stopped by Ville Husso without a rebound.
19:20 of 1st period - Sergey Kalinin wins face-off versus Dominik Kahun in Panthers zone.
19:31 of 1st period - Wrist shot by Dominik Kahun.
19:31 of 1st period - Shot Misses the Net.
19:33 of 1st period - Wrist shot by Dmitrij Jaskin.
19:33 of 1st period - Shot Blocked by Brandon Burlon.
Goals for this period are 1 for Panthers vs 1 for Capitals.
Shots for this period are 11 for Panthers vs 11 for Capitals.
2nd period
0:01 of 2nd period - Nicklas Backstrom wins face-off versus Matt Duchene in neutral zone.
0:10 of 2nd period - Snap shot by Patrick Kane.
0:10 of 2nd period - Stopped by Ville Husso with a rebound.
0:35 of 2nd period - Wrist shot by Aleksander Barkov.
0:35 of 2nd period - Shot Misses the Net.
0:37 of 2nd period - Slapshot by Niklas Hansson.
0:37 of 2nd period - Stopped by Chet Pickard without a rebound.
0:38 of 2nd period - Cody Hodgson wins face-off versus Matt Duchene in Capitals zone.
1:15 of 2nd period - Snap shot by Aleksander Barkov.
1:15 of 2nd period - Shot Misses the Net.
1:17 of 2nd period - Wrist shot by Aleksander Barkov.
1:17 of 2nd period - Shot Misses the Net.
1:19 of 2nd period - Slapshot by Danny DeKeiser.
1:19 of 2nd period - Goal by Danny DeKeiser - Panthers : 2 - Capitals : 1.
1:20 of 2nd period - Nicklas Backstrom wins face-off versus Matt Duchene in neutral zone.
1:25 of 2nd period - Snap shot by Taylor Hall.
1:25 of 2nd period - Shot Misses the Net.
1:35 of 2nd period - Wrist shot by Nikita Kucherov.
1:35 of 2nd period - Shot Blocked by Alexei Marchenko.
1:37 of 2nd period - Wrist shot by Alex Pietrangelo.
1:37 of 2nd period - Stopped by Chet Pickard with a rebound.
1:47 of 2nd period - Kris Versteeg is hit by Joe Colborne and loses puck.
2:22 of 2nd period - Snap shot by Phil Kessel.
2:22 of 2nd period - Stopped by Ville Husso with a rebound.
2:24 of 2nd period - Slapshot by Brandon Burlon.
2:24 of 2nd period - Deflect By Phil Kessel.
2:24 of 2nd period - Shot Misses the Net.
2:24 of 2nd period - Puck is out of play.
2:25 of 2nd period - Matt Duchene wins face-off versus Nicklas Backstrom in Panthers zone.
2:52 of 2nd period - Marko Dano is hit by Miro Aaltonen.
3:27 of 2nd period - Wrist shot by Blake Pietila.
3:27 of 2nd period - Stopped by Ville Husso with a rebound.
3:59 of 2nd period - Brandon Burlon is hit by Danny DeKeiser and loses puck.
4:18 of 2nd period - Slapshot by Alex Pietrangelo.
4:18 of 2nd period - Shot Blocked by Brandon Burlon.
4:20 of 2nd period - Slapshot by Alex Pietrangelo.
4:20 of 2nd period - Shot Misses the Net.
4:22 of 2nd period - Snap shot by Zac Rinaldo.
4:22 of 2nd period - Goal by Zac Rinaldo - Panthers : 3 - Capitals : 1.
4:23 of 2nd period - Matt Duchene wins face-off versus Nicklas Backstrom in neutral zone.
4:52 of 2nd period - Bobby Ryan is hit by Aleksander Barkov and loses puck.
5:14 of 2nd period - Zac Rinaldo is hit by Cody Hodgson and loses puck.
5:37 of 2nd period - Wrist shot by Patrick Kane.
5:37 of 2nd period - Shot Blocked by Alex Pietrangelo.
5:41 of 2nd period - Slapshot by Patrick Kane.
5:41 of 2nd period - Shot Misses the Net.
6:04 of 2nd period - Wrist shot by Drake Batherson.
6:04 of 2nd period - Stopped by Chet Pickard without a rebound.
6:05 of 2nd period - Nicklas Backstrom wins face-off versus Matt Duchene in Capitals zone.
6:37 of 2nd period - Snap shot by Derick Brassard.
6:37 of 2nd period - Shot Blocked by Alexei Marchenko.
6:53 of 2nd period - Slapshot by Joe Colborne.
6:53 of 2nd period - Shot Misses the Net.
7:01 of 2nd period - Slapshot by Cody Hodgson.
7:01 of 2nd period - Shot Blocked by Griffin Reinhart.
7:03 of 2nd period - Wrist shot by Cody Hodgson.
7:03 of 2nd period - Shot Hit the Post.
7:05 of 2nd period - Slapshot by Alexei Marchenko.
7:05 of 2nd period - Shot Misses the Net.
7:07 of 2nd period - Slapshot by Cody Hodgson.
7:07 of 2nd period - Shot Misses the Net.
8:28 of 2nd period - Snap shot by Jeff Skinner.
8:28 of 2nd period - Shot Misses the Net.
8:30 of 2nd period - Snap shot by Jeff Skinner.
8:30 of 2nd period - Shot Hit the Post.
8:40 of 2nd period - Snap shot by Matt Duchene.
8:40 of 2nd period - Stopped by Chet Pickard without a rebound.
8:41 of 2nd period - Aleksander Barkov wins face-off versus Marko Dano in Capitals zone.
8:42 of 2nd period - Wrist shot by Derick Brassard.
8:42 of 2nd period - Shot Misses the Net.
8:44 of 2nd period - Slapshot by Alex Pietrangelo.
8:44 of 2nd period - Stopped by Chet Pickard without a rebound.
8:45 of 2nd period - Aleksander Barkov wins face-off versus Joe Colborne in Capitals zone.
8:48 of 2nd period - Slapshot by Alex Pietrangelo.
8:48 of 2nd period - Shot Blocked by Alexei Marchenko.
8:50 of 2nd period - Slapshot by Alex Pietrangelo.
8:50 of 2nd period - Stopped by Chet Pickard with a rebound.
8:52 of 2nd period - Slapshot by Niklas Hansson.
8:52 of 2nd period - Shot Misses the Net.
8:54 of 2nd period - Slapshot by Alex Pietrangelo.
8:54 of 2nd period - Stopped by Chet Pickard without a rebound.
8:55 of 2nd period - Nicklas Backstrom wins face-off versus Matt Duchene in Capitals zone.
9:05 of 2nd period - Snap shot by Patrick Kane.
9:05 of 2nd period - Shot Blocked by Niklas Hansson.
9:07 of 2nd period - Snap shot by Brandon Gormley.
9:07 of 2nd period - Shot Misses the Net.
9:09 of 2nd period - Slapshot by Nicklas Backstrom.
9:09 of 2nd period - Shot Blocked by Matt Duchene.
9:11 of 2nd period - Snap shot by Nicklas Backstrom.
9:11 of 2nd period - Stopped by Ville Husso without a rebound.
9:12 of 2nd period - Aleksander Barkov wins face-off versus Cody Hodgson in Panthers zone.
9:21 of 2nd period - Wrist shot by Kris Versteeg.
9:21 of 2nd period - Stopped by Chet Pickard with a rebound.
10:10 of 2nd period - Wrist shot by Joe Colborne.
10:10 of 2nd period - Shot Misses the Net.
10:12 of 2nd period - Snap shot by Joe Colborne.
10:12 of 2nd period - Shot Misses the Net.
10:36 of 2nd period - Phil Kessel is hit by Dmitrij Jaskin and loses puck.
11:45 of 2nd period - Marko Dano is hit by Miro Aaltonen and loses puck.
12:18 of 2nd period - Ladislav Smid is hit by Taylor Hall and loses puck.
12:45 of 2nd period - Icing by Aleksander Barkov.
12:46 of 2nd period - Joe Colborne wins face-off versus Aleksander Barkov in Panthers zone.
12:47 of 2nd period - Wrist shot by Bobby Ryan.
12:47 of 2nd period - Shot Misses the Net.
13:07 of 2nd period - Wrist shot by Aleksander Barkov.
13:07 of 2nd period - Shot Blocked by Brandon Gormley.
13:09 of 2nd period - Wrist shot by Aleksander Barkov.
13:09 of 2nd period - Stopped by Chet Pickard without a rebound.
13:10 of 2nd period - Nicklas Backstrom wins face-off versus Matt Duchene in Capitals zone.
13:17 of 2nd period - Wrist shot by Matt Duchene.
13:17 of 2nd period - Stopped by Chet Pickard without a rebound.
13:18 of 2nd period - Matt Duchene wins face-off versus Patrick Kane in Capitals zone.
13:35 of 2nd period - Slapshot by Nikita Kucherov.
13:35 of 2nd period - Stopped by Chet Pickard with a rebound.
14:20 of 2nd period - Wrist shot by Matt Duchene.
14:20 of 2nd period - Deflect By Pavel Buchnevich.
14:20 of 2nd period - Shot Misses the Net.
14:20 of 2nd period - Puck is out of play.
14:21 of 2nd period - Aleksander Barkov wins face-off versus Joe Colborne in Capitals zone.
14:28 of 2nd period - Wrist shot by Kris Versteeg.
14:28 of 2nd period - Stopped by Chet Pickard with a rebound.
14:48 of 2nd period - Brandon Gormley is hit by Miro Aaltonen and loses puck.
15:19 of 2nd period - Slapshot by Dmitrij Jaskin.
15:19 of 2nd period - Shot Misses the Net.
15:21 of 2nd period - Slapshot by Radim Simek.
15:21 of 2nd period - Shot Blocked by Sergey Kalinin.
15:43 of 2nd period - Snap shot by Joe Colborne.
15:43 of 2nd period - Stopped by Ville Husso without a rebound.
15:44 of 2nd period - Nicklas Backstrom wins face-off versus Matt Duchene in Panthers zone.
16:11 of 2nd period - Marko Dano is hit by Kris Versteeg.
16:29 of 2nd period - Minor Penalty to Ladislav Smid for Holding.
16:30 of 2nd period - Nicklas Backstrom wins face-off versus Aleksander Barkov in Panthers zone.
16:57 of 2nd period - Radim Simek is hit by Bobby Ryan and loses puck.
17:08 of 2nd period - Wrist shot by Marko Dano.
17:08 of 2nd period - Shot Misses the Net.
17:24 of 2nd period - Niklas Hansson is hit by Patrick Kane and loses puck.
18:29 of 2nd period - Penalty to Ladislav Smid is over, Ladislav Smid is back on ice.
18:44 of 2nd period - Alexei Marchenko is hit by Radim Simek and loses puck.
19:07 of 2nd period - Wrist shot by Joe Colborne.
19:07 of 2nd period - Stopped by Ville Husso without a rebound.
19:08 of 2nd period - Joe Colborne wins face-off versus Matt Duchene in Panthers zone.
19:23 of 2nd period - Nicolas Aube-Kubel is hit by Danny DeKeiser and loses puck.
Goals for this period are 2 for Panthers vs 0 for Capitals.
Shots for this period are 14 for Panthers vs 6 for Capitals.
3rd period
0:01 of 3rd period - Nicklas Backstrom wins face-off versus Matt Duchene in neutral zone.
0:04 of 3rd period - Wrist shot by Alexei Marchenko.
0:04 of 3rd period - Stopped by Ville Husso with a rebound.
1:33 of 3rd period - Off-side.
1:34 of 3rd period - Nicklas Backstrom wins face-off versus Matt Duchene in neutral zone.
1:37 of 3rd period - Snap shot by Taylor Hall.
1:37 of 3rd period - Stopped by Ville Husso with a rebound.
1:39 of 3rd period - Slapshot by Alexei Marchenko.
1:39 of 3rd period - Stopped by Ville Husso without a rebound.
1:40 of 3rd period - Nicklas Backstrom wins face-off versus Matt Duchene in Panthers zone.
1:51 of 3rd period - Wrist shot by Taylor Hall.
1:51 of 3rd period - Stopped by Ville Husso without a rebound.
1:52 of 3rd period - Nicklas Backstrom wins face-off versus Matt Duchene in Panthers zone.
2:00 of 3rd period - Danny DeKeiser is hit by Brandon Gormley and loses puck.
2:42 of 3rd period - Slapshot by Mike Green.
2:42 of 3rd period - Stopped by Ville Husso with a rebound.
3:11 of 3rd period - Snap shot by Joe Colborne.
3:11 of 3rd period - Shot Misses the Net.
4:03 of 3rd period - Snap shot by Matt Duchene.
4:03 of 3rd period - Shot Hit the Post.
4:05 of 3rd period - Slapshot by Matt Duchene.
4:05 of 3rd period - Shot Blocked by Marko Dano.
4:07 of 3rd period - Slapshot by Radim Simek.
4:07 of 3rd period - Shot Blocked by Alexei Marchenko.
4:41 of 3rd period - Radim Simek is hit by Marko Dano and loses puck.
4:56 of 3rd period - Slapshot by Matt Duchene.
4:56 of 3rd period - Stopped by Chet Pickard without a rebound.
4:57 of 3rd period - Aleksander Barkov wins face-off versus Nicklas Backstrom in Capitals zone.
5:51 of 3rd period - Off-side.
5:52 of 3rd period - Sergey Kalinin wins face-off versus Dominik Kahun in neutral zone.
6:19 of 3rd period - Snap shot by Phil Kessel.
6:19 of 3rd period - Stopped by Ville Husso without a rebound.
6:20 of 3rd period - Nicklas Backstrom wins face-off versus Aleksander Barkov in Panthers zone.
6:37 of 3rd period - Snap shot by Derick Brassard.
6:37 of 3rd period - Stopped by Chet Pickard without a rebound.
6:38 of 3rd period - Cody Hodgson wins face-off versus Miro Aaltonen in Capitals zone.
7:12 of 3rd period - Wrist shot by Taylor Hall.
7:12 of 3rd period - Shot Misses the Net.
7:14 of 3rd period - Snap shot by Patrick Kane.
7:14 of 3rd period - Stopped by Ville Husso with a rebound.
7:16 of 3rd period - Slapshot by Brandon Gormley.
7:16 of 3rd period - Shot Misses the Net.
8:05 of 3rd period - Off-side.
8:06 of 3rd period - Nicklas Backstrom wins face-off versus Miro Aaltonen in neutral zone.
9:12 of 3rd period - Brandon Burlon is hit by Aleksander Barkov and loses puck.
10:15 of 3rd period - Snap shot by Colten Teubert.
10:15 of 3rd period - Deflect By Blake Pietila.
10:15 of 3rd period - Shot Misses the Net.
10:15 of 3rd period - Puck is out of play.
10:16 of 3rd period - Matt Duchene wins face-off versus Nicklas Backstrom in Panthers zone.
10:23 of 3rd period - Alexei Marchenko is hit by Nikita Kucherov and loses puck.
10:28 of 3rd period - Snap shot by Nikita Kucherov.
10:28 of 3rd period - Stopped by Chet Pickard without a rebound.
10:29 of 3rd period - Matt Duchene wins face-off versus Nicklas Backstrom in Capitals zone.
10:40 of 3rd period - Snap shot by Patrick Kane.
10:40 of 3rd period - Shot Misses the Net.
11:02 of 3rd period - Snap shot by Dmitrij Jaskin.
11:02 of 3rd period - Stopped by Chet Pickard with a rebound.
11:40 of 3rd period - Wrist shot by Taylor Hall.
11:40 of 3rd period - Stopped by Ville Husso without a rebound.
11:41 of 3rd period - Matt Duchene wins face-off versus Joe Colborne in Panthers zone.
11:56 of 3rd period - Slapshot by Shea Theodore.
11:56 of 3rd period - Stopped by Ville Husso without a rebound.
11:57 of 3rd period - Cody Hodgson wins face-off versus Aleksander Barkov in Panthers zone.
12:05 of 3rd period - Cody Hodgson is hit by Derick Brassard and loses puck.
12:24 of 3rd period - Matt Duchene is hit by Marko Dano.
12:44 of 3rd period - Snap shot by Drake Batherson.
12:44 of 3rd period - Shot Blocked by Jeff Skinner.
12:46 of 3rd period - Slapshot by Drake Batherson.
12:46 of 3rd period - Shot Misses the Net.
13:12 of 3rd period - Nicolas Aube-Kubel is hit by Matt Puempel and loses puck.
13:37 of 3rd period - Icing by Aleksander Barkov.
13:38 of 3rd period - Joe Colborne wins face-off versus Aleksander Barkov in Panthers zone.
13:46 of 3rd period - Off-side.
13:47 of 3rd period - Joe Colborne wins face-off versus Matt Duchene in neutral zone.
13:50 of 3rd period - Nikita Kucherov is hit by Colten Teubert and loses puck.
14:21 of 3rd period - Snap shot by Nikita Kucherov.
14:21 of 3rd period - Stopped by Chet Pickard with a rebound.
14:31 of 3rd period - Slapshot by Joe Colborne.
14:31 of 3rd period - Stopped by Ville Husso with a rebound.
14:33 of 3rd period - Snap shot by Bobby Ryan.
14:33 of 3rd period - Goal by Bobby Ryan - Panthers : 3 - Capitals : 2.
14:34 of 3rd period - Aleksander Barkov wins face-off versus Nicklas Backstrom in neutral zone.
14:47 of 3rd period - Wrist shot by Patrick Kane.
14:47 of 3rd period - Shot Misses the Net.
15:07 of 3rd period - Backhand shot by Drake Batherson.
15:07 of 3rd period - Shot Misses the Net.
15:09 of 3rd period - Snap shot by Drake Batherson.
15:09 of 3rd period - Stopped by Chet Pickard without a rebound.
15:10 of 3rd period - Nicklas Backstrom wins face-off versus Drake Batherson in Capitals zone.
15:18 of 3rd period - Off-side.
15:19 of 3rd period - Nicklas Backstrom wins face-off versus Miro Aaltonen in neutral zone.
15:30 of 3rd period - Snap shot by Drake Batherson.
15:30 of 3rd period - Shot Misses the Net.
15:32 of 3rd period - Slapshot by Alex Pietrangelo.
15:32 of 3rd period - Shot Misses the Net.
15:36 of 3rd period - Snap shot by Drake Batherson.
15:36 of 3rd period - Deflect By Patrick Kane.
15:36 of 3rd period - Stopped by Chet Pickard without a rebound.
15:37 of 3rd period - Matt Duchene wins face-off versus Cody Hodgson in Capitals zone.
16:34 of 3rd period - Slapshot by Alex Pietrangelo.
16:34 of 3rd period - Stopped by Chet Pickard without a rebound.
16:35 of 3rd period - Aleksander Barkov wins face-off versus Cody Hodgson in Capitals zone.
16:47 of 3rd period - Minor Penalty to Kris Versteeg for Tripping.
16:48 of 3rd period - Aleksander Barkov wins face-off versus Nicklas Backstrom in Panthers zone.
17:00 of 3rd period - Slapshot by Brandon Gormley.
17:00 of 3rd period - Shot Blocked by Niklas Hansson.
17:02 of 3rd period - Snap shot by Taylor Hall.
17:02 of 3rd period - Stopped by Ville Husso without a rebound.
17:03 of 3rd period - Nicklas Backstrom wins face-off versus Aleksander Barkov in Panthers zone.
17:30 of 3rd period - Niklas Hansson is hit by Marko Dano and loses puck.
18:47 of 3rd period - Penalty to Kris Versteeg is over, Kris Versteeg is back on ice.
19:23 of 3rd period - Capitals, Chet Pickard is pulled from the net.
Goals for this period are 0 for Panthers vs 1 for Capitals.
Shots for this period are 8 for Panthers vs 12 for Capitals.